 Dungeon Crawl Stone Soup version 0.21.1-1-g345015f (webtiles) character file.

782 dv1997 the Chopper (level 7, -3/60 HPs)
             Began as a Hill Orc Fighter on July 1, 2018.
             Was a Follower of Trog.
             Slain by an ice beast (11 damage)
             ... on level 5 of the Dungeon.
             The game lasted 00:36:15 (3905 turns).

dv1997 the Chopper (Hill Orc Fighter)               Turns: 3905, Time: 00:36:15

Health: -3/60      AC:  7    Str: 21    XL:     7   Next: 86%
Magic:  0/7        EV:  8    Int:  8    God:    Trog [*.....]
Gold:   138        SH:  9    Dex: 10    Spells: 6/6 levels left

rFire    + . .     SeeInvis .   n - +0 war axe
rCold    . . .     Gourm    .   c - +0 shield
rNeg     . . .     Faith    .   b - +0 scale mail
rPois    .         Spirit   +   (no helmet)
rElec    .         Reflect  .   (no cloak)
rCorr    .         Harm     .   (no gloves)
MR       .....                  (no boots)
Stlth    ..........             s - amulet of guardian spirit
HPRegen  0.20/turn              g - ring of protection from fire
MPRegen  0.10/turn              (no ring)

@: no status effects
A: no striking features
a: Berserk, Burn Spellbooks, Renounce Religion


You were on level 5 of the Dungeon.
You worshipped Trog.
Trog was aware of your devotion.
You were not hungry.

You visited 1 branch of the dungeon, and saw 5 of its levels.

You collected 138 gold pieces.

Inventory:

Hand Weapons
 a - a +0 trident
 n - a +0 war axe (weapon)
 u - a +0 hand axe
Missiles
 m - a throwing net (quivered)
 r - 26 bolts
 w - 3 tomahawks
Armour
 b - a +0 scale mail (worn)
 c - a +0 shield (worn)
 e - a +0 ring mail
 o - a +0 shield
 D - a +0 scale mail
Jewellery
 g - a ring of protection from fire (left hand)
 q - a cursed -3 ring of strength {unknown}
 s - an amulet of guardian spirit (around neck)
Wands
 E - a wand of clouds (4)
 G - a wand of polymorph (13)
Scrolls
 h - a scroll of amnesia {unknown}
 i - a scroll of noise {unknown}
 k - 2 scrolls of teleportation
 l - a scroll of enchant weapon {unknown}
 t - a scroll of remove curse {unknown}
 y - a scroll of immolation {unknown}
 A - a scroll of magic mapping {unknown}
 C - a scroll of fear {unknown}
 F - a scroll of enchant armour {unknown}
Potions
 d - a potion of might
 j - 2 potions of flight
 p - a potion of degeneration {unknown}
 v - a potion of invisibility {unknown}
 x - 3 potions of curing {unknown}
 z - a potion of heal wounds {unknown}
 B - a potion of mutation
Comestibles
 f - 10 rations


   Skills:
 + Level 4.7 Fighting
 * Level 6.8(7.5) Axes
 - Level 3.8(5.3) Polearms
 + Level 4.8 Armour
 + Level 1.6 Dodging
 + Level 0.1 Stealth
 + Level 4.8 Shields


You had 6 spell levels left.
You didn't know any spells.

Dungeon Overview and Level Annotations

Branches:
Dungeon (5/15)
 Temple: D:4-7

Altars:
Hepliaklqana
Nemelex Xobeh
Sif Muna
Trog
Zin
The Shining One

Shops:
D:4 *(


Message History

The ice beast is moderately wounded.
The ice beast hits you. The ice beast freezes you!
The ice beast barely misses you.
Your shield and scale mail prevent you from hitting the ice beast.
The ice beast is moderately wounded.
The ice beast hits you. The ice beast freezes you!
You closely miss the ice beast.
The ice beast is moderately wounded.
The ice beast misses you.
Your scale mail prevents you from hitting the ice beast.
The ice beast is moderately wounded.
The ice beast hits you but does no damage.
You closely miss the ice beast.
The ice beast is moderately wounded.
The ice beast hits you. The ice beast freezes you!
* * * LOW HITPOINT WARNING * * *
The ice beast hits you.
* * * LOW HITPOINT WARNING * * *
The ice beast freezes you!
You die...

#(## ### ###########... ..#
..#.........# #.#
#.#.........########.######## .
#$#.........#....(........... .
.#.#>........#.######........###.
.............#lY.#...............
##............#@#......####.##..
#.............#.#...............
####..........#.#.#..#.#..#.....
#..........#......#.........#
#...........##############...
#...........................#
######......##############.##
#......# #.... #......# #####


You could see an ice beast and a frilled lizard.

Vanquished Creatures
  An ice beast (D:5)
  An ogre (D:5)
  A centaur (D:5)
  2 hounds
  5 orc wizards
  An orc priest (D:3)
  4 worker ants
  7 adders
  5 oozes
  An adder skeleton (D:4)
  5 worms
  4 dart slugs
  2 leopard geckos
  15 orcs
  2 giant cockroaches (D:1)
  14 goblins
  9 hobgoblins
  5 jackals
  A quokka (D:3)
  A ball python (D:4)
  4 bats
  6 frilled lizards
  2 kobolds
  A leopard gecko skeleton (D:4)
  5 rats
104 creatures vanquished.

Notes
Turn   | Place    | Note
-------+----------+-------------------------------------------
     0 | D:1      | dv1997 the Hill Orc Fighter began the quest for the Orb.
     0 | D:1      | Reached XP level 1. HP: 19/19 MP: 1/1
   103 | D:1      | Reached XP level 2. HP: 23/27 MP: 2/2
   397 | D:1      | Reached XP level 3. HP: 30/33 MP: 3/3
   764 | D:2      | Reached XP level 4. HP: 40/40 MP: 4/4
   945 | D:2      | Reached skill level 1 in Dodging
  1064 | D:2      | Reached XP level 5. HP: 37/46 MP: 5/5
  1325 | D:3      | Reached skill level 1 in Axes
  1708 | D:3      | Found a bloodstained altar of Trog.
  1729 | D:3      | Became a worshipper of Trog the Wrathful
  1756 | D:3      | Reached skill level 2 in Axes
  1778 | D:3      | Reached XP level 6. HP: 40/53 MP: 6/6
  1890 | D:3      | Found a glowing golden altar of the Shining One.
  2062 | D:3      | Reached skill level 3 in Axes
  2297 | D:4      | Found Zin's Purification Station.
  2300 | D:4      | Found a glowing silver altar of Zin.
  2421 | D:4      | Reached skill level 4 in Axes
  2530 | D:4      | Found a sparkling altar of Nemelex Xobeh.
  2580 | D:4      | Found a hazy altar of Hepliaklqana.
  2652 | D:4      | Found Laiq Wedd's Weapon Shop.
  2992 | D:4      | Found a deep blue altar of Sif Muna.
  3083 | D:5      | Entered Level 5 of the Dungeon
  3182 | D:4      | Reached XP level 7. HP: 43/60 MP: 5/7
  3283 | D:5      | Reached * piety under Trog
  3289 | D:5      | Reached skill level 5 in Axes
  3383 | D:5      | Reached skill level 6 in Axes
  3905 | D:5      | Slain by an ice beast

Skill      XL: |  1  2  3  4  5  6  7 |
---------------+----------------------+-----
Fighting       | 4 |  4.7
Armour         | 4 |  4.8
Polearms       | 3 |  3.8
Dodging        | 1 |  1.6
Shields        | 4 |  4.8
Axes           | 2 4 6 |  6.8
Stealth        | |  0.1

Action                   |  1- 3 |  4- 6 |  7- 9 || total
-------------------------+-------+-------+-------++-------
Melee: Trident           |   116 |    65 |       ||   181
       Hand axe          |       |    56 |       ||    56
       War axe           |       |   109 |    76 ||   185
  Use: Scroll            |       |     5 |       ||     5
  Eat: Ration            |       |     3 |       ||     3
Armor: Scale mail        |    32 |    78 |    22 ||   132
Dodge: Dodged            |    40 |    74 |    22 ||   136
Block: Shield            |    49 |   109 |    32 ||   190
